 Dungeon Crawl Stone Soup version 0.24-a0-769-g368c1644f8 (webtiles) character file.

Game seed: 5029079742657561444, levelgen mode: deterministic

149 Arixos the Sneak (level 5, -8/25 HPs)
             Began as a Vine Stalker Enchanter on Oct 4, 2019.
             Mangled by an ogre
             ... wielding a +0 giant club
              (33 damage)
             ... on level 5 of the Dungeon.
             The game lasted 00:14:31 (2303 turns).

Arixos the Sneak (Vine Stalker Enchanter)           Turns: 2303, Time: 00:14:32

Health: -8/25      AC:  3    Str: 10    XL:     5   Next: 31%
Magic:  0/10       EV: 12    Int: 16    God:
Gold:   143        SH:  0    Dex: 15    Spells: 3/9 levels left

rFire    . . .     SeeInvis .   a - +1 dagger
rCold    . . .     Gourm    .   (no shield)
rNeg     . . .     Faith    .   m - +0 leather armour
rPois    .         Spirit   +   (no helmet)
rElec    .         Reflect  .   (no cloak)
rCorr    .         Harm     .   (no gloves)
MR       .....                  (no boots)
Stlth    +++.......             e - amulet of inaccuracy (curse)
HPRegen  0.48/turn              (no ring)
MPRegen  0.12/turn              (no ring)

@: no status effects
A: fangs 2, regeneration 1, magic shield, antimagic bite, no potion heal 3, rot
immunity
a: no special abilities


You were on level 5 of the Dungeon.
You were not hungry.

You visited 1 branch of the dungeon, and saw 5 of its levels.

You collected 143 gold pieces.

Inventory:

Hand Weapons
 a - a +1 dagger (weapon)
Armour
 b - a +0 robe
 m - a +0 leather armour (worn)
Jewellery
 e - a cursed amulet of inaccuracy (around neck)
Scrolls
 j - 2 scrolls of teleportation
 l - a scroll of enchant weapon
 n - a scroll of enchant armour {unknown}
Potions
 c - a potion of heal wounds {unknown}
 f - 2 potions of might {unknown}
 g - 4 potions of invisibility {unknown}
 h - a potion of haste {unknown}
 i - 2 potions of mutation {unknown}
 k - a potion of curing {unknown}
Comestibles
 d - 7 rations


   Skills:
 + Level 1.3 Fighting
 + Level 1.8 Short Blades
 + Level 2.3 Dodging
 + Level 4.5 Stealth
 + Level 2.9 Spellcasting
 + Level 3.6 Hexes
 + Level 0.0 Ice Magic


You had 3 spell levels left.
You knew the following spells:

 Your Spells              Type           Power        Failure   Level  Hunger
a - Ensorcelled Hibernat  Hex/Ice        #.....       19%         2    ##.....
b - Corona                Hex            ##.....      6%          1    #......
c - Confuse               Hex            ##......     17%         3    ###....

Your spell library contained the following spells:

 Spells                   Type           Power        Failure   Level  Hunger
 Tukima's Dance           Hex            ##......     17%         3    ###....
 Dazzling Spray           Conj/Hex       #.....       36%         3    ###....


Dungeon Overview and Level Annotations

Branches:
Dungeon (4/15)
 Temple: D:4-7

Altars:
Wu Jian
Xom


Innate Abilities, Weirdness & Mutations

You have extremely sharp teeth.
Your natural rate of healing is unusually fast.
When hurt, damage is shared between your health and your magic reserves.
Your bite disrupts and absorbs the magic of your enemies.
Potions cannot restore your health.
You are immune to rotting.


Message History

You puncture the crimson imp!
You kill the crimson imp!
Eating a chunk of flesh.
You eat the chunk of flesh.
This raw flesh tastes terrible.
You fall into a shaft and drop 2 floors!
The shaft crumbles and collapses.
Found a bubbling sapphire potion.
Found a shimmering altar of Xom.
k - a bubbling sapphire potion Your magical contamination has completely faded away.
An ogre comes into view. It is wielding a +0 giant club.
Found a ring mail.
Casting: Ensorcelled Hibernation (safe; 19% risk of failure)
Confirm with . or Enter, or press ? or * to list all spells.
Aiming: Ensorcelled Hibernation (safe; 19% risk of failure)
Press: ? - help, Shift-Dir - straight line, f - ogre
Aim: an ogre, wielding a +0 giant club (chance to defeat MR: 39%)
The ogre resists with some effort.
The ogre hits you with a +0 giant club!!
Ouch! That really hurt!
You die...

####.......#
#..........#
#..........#
############......_..##
#..[.................#
#....................#
#................#..##
#......O...........##
#......@.........###
#...................
########.........###
#.........# #.###.....#
#.# #.....# .. . ..


You could see an ogre.

Vanquished Creatures
  A crimson imp (D:3)
  An orc wizard (D:3)
  Ijyb (D:3)
  2 adders (D:3)
  A worm (D:2)
  A dart slug (D:1)
  2 orcs (D:3)
  5 bats
  3 giant cockroaches
  2 goblins (D:1)
  5 hobgoblins
  5 frilled lizards
  7 kobolds
  4 rats
40 creatures vanquished.

Notes
Turn   | Place    | Note
-------+----------+-------------------------------------------
     0 | D:1      | Arixos the Vine Stalker Enchanter began the quest for the
                  | Orb.
     0 | D:1      | Reached XP level 1. HP: 9/9 MP: 4/4
    76 | D:1      | Reached skill level 1 in Short Blades
   166 | D:1      | Reached XP level 2. HP: 12/13 MP: 6/6
   203 | D:2      | Found an ornate altar of the Wu Jian Council.
   700 | D:1      | Learned a level 2 spell: Ensorcelled Hibernation
  1422 | D:2      | Reached skill level 4 in Stealth
  1422 | D:2      | Reached XP level 3. HP: 12/17 MP: 2/7
  1967 | D:2      | You fall into a shaft and drop 2 floors!
  2012 | D:3      | Noticed Ijyb
  2039 | D:3      | Killed Ijyb
  2039 | D:3      | Gained mutation: Your natural rate of healing is unusually
                  | fast. [Vine Stalker growth]
  2039 | D:3      | Reached XP level 4. HP: 3/21 MP: 1/8
  2134 | D:3      | Reached skill level 1 in Fighting
  2182 | D:3      | Reached XP level 5. HP: 24/25 MP: 1/10
  2187 | D:3      | Learned a level 3 spell: Confuse
  2287 | D:3      | You fall into a shaft and drop 2 floors!
  2287 | D:5      | Entered Level 5 of the Dungeon
  2287 | D:5      | Found a shimmering altar of Xom.
  2292 | D:5      | Noticed an ogre
  2303 | D:5      | Mangled by an ogre

Levels and vault maps discovered:
D:1:      wander_arrival_estate, layout_rooms
D:2:      cheibrodos_helix_gallery, layout_basic, nicolae_overflow_crystal_walls
D:3:      layout_basic, lemuel_doored_altar, uniq_ijyb
D:4:      layout_cave_pods, elyvilon_altar_4, serial_shops,
          nicolae_shop_competitors_out_of_business
D:5:      minmay_spotlight, layout_basic, marbit_many_paths, basic_altar,
          serial_shops, kennysheep_little_box, first_ration, uniq_prince_ribbit1

Skill      XL: |  1  2  3  4 |
---------------+-------------+-----
Short Blades   | 1 |  1.8
Stealth        | 4 |  4.5
Dodging        | 2 |  2.3
Fighting       | 1 |  1.3
Spellcasting   | |  2.9
Hexes          | |  3.6

Action                   |  1- 3 |  4- 6 || total
-------------------------+-------+-------++-------
Melee: Dagger            |   109 |    52 ||   161
       Bite              |    16 |     5 ||    21
 Cast: Corona            |    15 |     2 ||    17
       Ensorcelled Hiber |    20 |    11 ||    31
  Use: Scroll            |     3 |     2 ||     5
 Stab: Sleeping          |    16 |     8 ||    24
  Eat: Chunk             |     5 |     2 ||     7
Armor: Robe              |    29 |       ||    29
       Leather armour    |       |    14 ||    14
Dodge: Dodged            |   114 |    35 ||   149

Table legend:
 A = Non-vault XP
 B = Vault XP
 C = Vault XP percentage of total XP
 D = Non-vault monster count
 E = Vault monster count
 F = Vault count percentage of total count
                 A         B        C        D         E       F
            +---------+---------+-------+---------+---------+-------
      Total |     178 |      36 |  16.8 |      39 |       1 |   2.5
            +---------+---------+-------+---------+---------+-------
        D:1 |      31 |       0 |   0.0 |      18 |       0 |   0.0
        D:2 |      18 |       0 |   0.0 |       9 |       0 |   0.0
        D:3 |     129 |      36 |  21.8 |      12 |       1 |   7.7
            +---------+---------+-------+---------+---------+-------
